Map: Sanctuary III LE

Players

Reynor - Winner!

  • Race: Zerg Zerg
  • League: Master
  • Spawn Location: 1:00

Krystianer

  • Race: Protoss Protoss
  • League: Grandmaster
  • Spawn Location: 7:00

Event: HomeStory Cup XXIX

VOD

Have the link to the VOD?

Description

Time

  • Played on: July 3, 2026, 8:04 a.m.
  • Length: 11:22

All games in this series

Show
View Real Time Build Order
Export as new Build Order

Reynor Zerg - Winner!

Build Orders: Hatch First 

Get SALT Encoding   

  8  0:00  Drone  
  9  0:10  Drone  
  10  0:17  Drone  
  11  0:27  Overlord  
  11  0:34  Drone  
  12  0:45  Drone  
  12  0:46  Drone  
  14  0:50  Drone  
  15  1:00  Drone  
  16  1:15  Hatchery  
  16  1:18  Drone  
  16  1:22  Drone  
  17  1:30  Drone  
  18  1:35  Extractor  
  17  1:41  Spawning Pool  
  17  1:43  Drone  
  17  1:50  Drone  
  18  2:00  Drone  
  19  2:09  Overlord  
  19  2:20  Drone  
  20  2:28  Queen x2  
  20  2:29  Drone  
  26  2:30  Zergling x2  
  26  2:38  Zergling x2  
  26  2:44  Drone  
  28  2:45  Metabolic Boost  
  28  2:49  Overlord  
  28  2:51  Drone  
  29  2:59  Zergling x2  
  29  3:03  Drone  
  31  3:13  Hatchery  
  31  3:15  Drone  
  31  3:18  Zergling x2  
  32  3:20  Zergling x2  
  32  3:26  Queen  
  35  3:30  Zergling x2  
  35  3:32  Overlord  
  36  3:37  Drone x2  
  36  3:40  Drone  
  39  3:42  Zergling x2  
  40  3:53  Drone x2  
  40  3:54  Overlord  
  41  3:58  Drone  
  41  3:59  Drone  
  40  4:08  Drone x2  
  40  4:12  Spore Crawler  
  40  4:16  Drone x2  
  41  4:18  Drone  
  42  4:28  Drone x2  
  42  4:30  Drone  
  43  4:33  Drone  
  43  4:35  Drone  
  43  4:37  Drone  
  46  4:40  Drone  
  46  4:42  Drone  
  46  4:43  Drone  
  49  4:46  Drone x2  
  49  4:49  Drone  
  49  4:50  Drone  
  53  4:56  Overlord  
  53  4:57  Drone  
  53  4:59  Drone  
  55  5:03  Drone x2  
  55  5:04  Drone  
  55  5:06  Drone  
  59  5:08  Drone  
  59  5:13  Roach Warren  
  59  5:14  Drone  
  59  5:15  Drone  
  59  5:17  Drone  
  59  5:18  Drone  
  63  5:24  Drone  
  63  5:25  Drone x2  
  63  5:26  Overlord  
  65  5:32  Extractor  
  63  5:36  Drone x3  
  63  5:39  Overlord  
  66  5:44  Queen  
  68  5:54  Roach x4  
  68  5:56  Overlord x2  
  76  5:58  Roach x3  
  76  6:00  Drone x2  
  83  6:05  Overlord  
  83  6:09  Drone  
  83  6:13  Overlord, Queen  
  83  6:15  Hatchery, Drone x2  
  86  6:19  Drone x2, Lair  
  86  6:23  Roach  
  86  6:24  Roach  
  89  6:26  Extractor  
  89  6:27  Drone x3  
  89  6:32  Spore Crawler  
  90  6:33  Queen  
  90  6:34  Evolution Chamber  
  90  6:36  Roach x2  
  90  6:38  Drone x2  
  97  6:44  Overlord  
  95  6:47  Drone x4  
  95  6:49  Drone  
  100  6:54  Overlord  
  100  6:58  Drone x4  
  100  6:59  Drone  
  104  7:03  Roach x2  
  104  7:04  Roach  
  104  7:07  Overlord  
  110  7:09  Roach x3  
  110  7:11  Overlord  
  116  7:16  Zerg Missile Weapons Level 1, Extractor  
  116  7:18  Extractor  
  116  7:19  Extractor  
  116  7:22  Overlord  
  113  7:24  Drone x2  
  113  7:25  Drone  
  113  7:28  Drone  
  113  7:29  Drone  
  117  7:31  Queen  
  117  7:33  Overlord  
  117  7:36  Drone x2  
  117  7:37  Drone, Hydralisk Den  
  122  7:39  Overlord  
  122  7:42  Drone x4  
  122  7:43  Drone  
  126  7:50  Overlord  
  126  7:52  Queen  
  127  8:01  Overlord  
  127  8:04  Drone x3, Spore Crawler  
  127  8:06  Glial Reconstitution, Queen  
  127  8:09  Extractor  
  127  8:12  Grooved Spines  
  128  8:16  Zergling x18  
  128  8:18  Hydralisk x3  
  143  8:23  Hydralisk  
  143  8:25  Drone x2  
  143  8:27  Hydralisk x2  
  147  8:28  Zergling x4  
  153  8:34  Hydralisk x2  
  153  8:37  Drone x3  
  153  8:41  Drone x4  
  153  8:44  Drone x3  
  153  8:46  Drone x2  
  153  8:47  Infestation Pit, Drone  
  153  8:56  Drone x2  
  153  8:57  Hydralisk x4  
  163  9:03  Hydralisk x2  
  163  9:04  Zergling x4  
  163  9:08  Hydralisk x2, Zergling x2  
  173  9:13  Overlord  
  173  9:18  Hydralisk  
  173  9:19  Hydralisk x3  
  173  9:23  Overlord  
  181  9:26  Hydralisk x2  
  181  9:28  Zergling x6  
  181  9:29  Zergling x2  
  172  9:34  Hydralisk, Zergling x8  
  172  9:35  Hydralisk  
  172  9:36  Zergling x2  
  172  9:37  Zergling x2  
  149  9:42  Hydralisk x2, Zergling x4  
  149  9:44  Zergling x4  
  149  9:45  Zergling x2  
  145  9:49  Hydralisk  
  145  9:50  Hydralisk, Zergling x2  
  129  9:52  Zergling x2  
  129  9:54  Zergling x4  
  129  9:56  Hydralisk  
  108  10:01  Hydralisk  
  108  10:04  Hydralisk  
  108  10:05  Zergling x4  
  102  10:10  Hydralisk, Zergling x2  
  102  10:12  Hydralisk, Zergling x2  
  102  10:13  Zergling x2  
  102  10:15  Zergling x4  
  102  10:18  Hydralisk  
  97  10:26  Hydralisk x2  
  101  10:30  Hydralisk  
  101  10:31  Hydralisk  
  101  10:33  Hydralisk  
  107  10:38  Hydralisk x2  
  107  10:39  Zergling x2  
  112  10:43  Hydralisk x2  
  112  10:47  Hydralisk x2  
  119  10:54  Zergling x10  
  123  11:01  Zergling x4  
  123  11:02  Zergling x2  
Show
View Real Time Build Order
Export as new Build Order

Krystianer Protoss 

Build Orders: Oracle Opening, Archon Immortal, Archon Drop 

Get SALT Encoding   

  8  0:00  Probe (Chrono Boost)  
  9  0:12  Probe (Chrono Boost)  
  10  0:19  Probe (Chrono Boost)  
  11  0:26  Probe  
  12  0:33  Pylon  
  12  0:38  Probe  
  13  0:51  Probe  
  14  0:58  Gateway  
  14  1:03  Probe (Chrono Boost)  
  15  1:08  Assimilator  
  15  1:13  Probe (Chrono Boost)  
  16  1:18  Probe (Chrono Boost)  
  17  1:30  Probe  
  18  1:42  Probe  
  19  1:52  Nexus  
  19  2:03  Cybernetics Core  
  19  2:05  Probe  
  20  2:10  Assimilator  
  20  2:17  Probe  
  20  2:21  Pylon  
  21  2:36  Adept (Chrono Boost)  
  21  2:39  Probe  
  24  2:46  Stargate  
  24  2:51  Probe  
  25  2:59  Adept (Chrono Boost)  
  25  3:04  Probe x2  
  29  3:11  Warp Gate  
  29  3:16  Probe x2  
  31  3:24  Adept  
  33  3:28  Probe x2  
  33  3:32  Oracle (Chrono Boost)  
  35  3:40  Pylon, Probe  
  39  3:43  Probe  
  40  3:52  Probe  
  40  3:55  Probe  
  42  4:05  Probe (Chrono Boost)  
  42  4:07  Probe (Chrono Boost)  
  40  4:10  Assimilator  
  40  4:12  Gateway  
  40  4:15  Assimilator  
  41  4:17  Robotics Facility  
  41  4:19  Probe (Chrono Boost)  
  41  4:22  Probe (Chrono Boost)  
  42  4:25  Probe (Chrono Boost)  
  42  4:29  Probe (Chrono Boost)  
  44  4:33  Probe  
  44  4:38  Twilight Council  
  45  4:41  Probe, Gateway x2  
  46  4:45  Pylon  
  46  4:46  Probe  
  47  4:53  Probe  
  47  4:58  Probe  
  49  5:03  Warp Prism (Chrono Boost)  
  51  5:09  Adept  
  51  5:10  Adept  
  51  5:11  Probe  
  56  5:17  Templar Archives  
  56  5:30  Nexus  
  56  5:32  Pylon  
  56  5:35  Probe  
  57  5:37  Probe  
  57  5:42  Pylon  
  58  5:53  High Templar x3  
  58  5:56  High Templar  
  66  5:58  Pylon, Archon  
  66  6:00  Probe x2, Archon  
  68  6:06  Immortal (Chrono Boost)  
  72  6:12  Probe  
  72  6:13  Probe  
  72  6:16  Forge  
  74  6:24  Probe  
  74  6:25  Probe  
  76  6:29  Blink (Chrono Boost)  
  76  6:33  Shield Battery  
  76  6:36  Probe  
  76  6:37  Immortal (Chrono Boost), Probe  
  82  6:43  Probe  
  83  6:48  Probe  
  83  6:49  Probe  
  83  6:55  Probe  
  83  7:00  Probe, Zealot x4  
  83  7:01  Probe  
  92  7:02  Protoss Ground Weapons Level 1 (Chrono Boost)  
  92  7:07  Probe, Zealot x4  
  93  7:10  Assimilator  
  93  7:12  Pylon, Probe  
  93  7:13  Assimilator, Probe  
  93  7:15  Gateway  
  87  7:17  Gateway  
  87  7:18  Gateway, Immortal (Chrono Boost)  
  87  7:20  Gateway  
  91  7:24  Pylon  
  91  7:32  Probe  
  91  7:33  Stalker x4  
  91  7:36  Pylon  
  100  7:39  Oracle (Chrono Boost)  
  103  7:46  Pylon  
  103  7:47  Probe  
  103  7:49  Pylon  
  103  7:50  Immortal  
  108  8:05  Stalker x4  
  116  8:08  Photon Cannon  
  116  8:15  Photon Cannon  
  116  8:16  High Templar  
  116  8:17  High Templar  
  120  8:20  Stalker  
  120  8:21  Stalker  
  120  8:26  Pylon  
  124  8:30  Stalker x3  
  124  8:31  Archon  
  127  8:47  Stalker x3  
  133  8:54  Warp Prism  
  132  8:58  Sentry x3  
  132  9:01  Pylon  
  134  9:02  Pylon  
  134  9:14  Stalker x4  
  142  9:18  Pylon  
  142  9:21  Stalker x4  
  132  9:40  Stalker x4  
  132  9:43  Stalker x4  
  110  10:02  Stalker x4  
  110  10:06  Stalker x2  
  108  10:11  Stalker x2  
  96  10:15  Probe  
  96  10:20  Probe  
  86  10:28  Stalker x4  
  92  10:32  Stalker x2  
  98  10:39  Nexus  
  98  10:47  Stalker x2  
  102  10:51  Stalker x2  
  102  10:52  Zealot x2  
  102  10:54  Zealot  
  111  10:58  Zealot  
  109  11:10  Zealot x2  
  109  11:14  Zealot x2  
Tags
 
Add a new tag
Caveats
  • Supply blocks, unpowered buildings, or Contaminate may cause inaccurate times.
  • Supply counts are checked every 10 seconds.